 Dungeon Crawl Stone Soup version 0.25-a0-719-gde951dce62 (webtiles) character file.

Game seed: 8583797022625452164, levelgen mode: deterministic

6206 Amnesiac the Zephyrmancer (level 10, -2/40 HPs)
             Began as a Deep Elf Air Elementalist on Apr 6, 2020.
             Was the Champion of Ru.
             Slain by a yak (12 damage)
             ... on level 9 of the Dungeon.
             The game lasted 00:13:17 (9253 turns).

Amnesiac the Zephyrmancer (DEAE)                    Turns: 9253, Time: 00:13:18

Health: -2/40      AC:  3    Str:  5    XL:     10   Next: 61%
Magic:  6/28       EV: 16    Int: 24    God:    Ru [******]
Gold:   528        SH:  0    Dex: 15    Spells: 26/33 levels left

rFire    . . .     SeeInvis .   a - +4 whip (venom)
rCold    . . .     Gourm    .   (no shield)
rNeg     . . .     Faith    .   n - +0 robe
rPois    .         Spirit   .   (no helmet)
rElec    .         Reflect  .   (no cloak)
rCorr    .         Harm     +   (no gloves)
MR       +....                  k - +0 pair of boots
Stlth    ++........             u - amulet of harm
HPRegen  0.13/turn              p - +3 ring of evasion
MPRegen  0.21/turn              (no ring)

@: no status effects
A: frail 2, inability to use devices
a: Draw Out Power, Power Leap, Apocalypse, Renounce Religion


You were on level 9 of the Dungeon.
You worshipped Ru.
Ru was exalted by your worship.
You were not hungry.

You visited 2 branches of the dungeon, and saw 10 of its levels.

You collected 528 gold pieces.

Inventory:

Hand Weapons
 a - a +4 whip of venom (weapon)
Armour
 k - a +0 pair of boots (worn)
 n - a +0 robe (worn)
Jewellery
 p - a +3 ring of evasion (left hand)
 u - an amulet of harm (around neck)
Scrolls
 d - a scroll of blinking {!r, unknown}
 e - 7 scrolls of teleportation {!r, unknown}
 f - 4 scrolls of remove curse {!r}
 q - a scroll of enchant weapon {!r}
 r - 5 scrolls of identify {!r}
 s - 2 scrolls of amnesia {!r, unknown}
 t - 2 scrolls of magic mapping {!r, unknown}
 x - 4 scrolls of enchant armour {!r}
 y - a scroll of fear {!r, unknown}
 B - 2 scrolls of immolation {!r, unknown}
Potions
 b - 2 potions of lignification {!q, unknown}
 g - 4 potions of flight {!q, unknown}
 h - 4 potions of cancellation {!q, unknown}
 i - 8 potions of curing {!q, unknown}
 j - a potion of haste {!q, unknown}
 l - a potion of berserk rage {!q, unknown}
 m - 2 potions of stabbing {!q, unknown}
 o - a potion of brilliance {!q, unknown}
 v - 2 potions of heal wounds {!q, unknown}
 w - a potion of magic {!q}
 z - a potion of ambrosia {!q, unknown}
 C - a potion of degeneration {!q, unknown}
Comestibles
 c - 16 rations


   Skills:
 + Level 0.5 Fighting
 + Level 2.8 Dodging
 - Level 2.4 Stealth
 + Level 12.1 Spellcasting
 - Level 1.1 Conjurations
 * Level 13.0 Air Magic


You had 26 spell levels left.
You knew the following spells:

 Your Spells              Type           Power        Failure   Level  Hunger
a - Airstrike             Air            ######....   1%          4    None
b - Passwall              Tmut/Erth      ##......     6%          2    None
e - Shock                 Conj/Air       ####         1%          1    None

Your spell library contained the following spells:

 Spells                   Type           Power        Failure   Level  Hunger
 Poisonous Vapours        Pois/Air       #####.       1%          2    None
 Swiftness                Chrm/Air       #####...     1%          2    None
 Mephitic Cloud           Conj/Pois/Air  #####...     1%          3    None
 Static Discharge         Conj/Air       #####...     1%          3    None
 Sandblast                Erth           ##....       4%          1    None
 Lightning Bolt           Conj/Air       #####.....   6%          5    ###....
 Conjure Flame            Conj/Fire      ###.....     10%         3    None
 Stone Arrow              Conj/Erth      ###...       10%         3    None
 Petrify                  Tmut/Erth      ##......     38%         4    None
 Freezing Cloud           Conj/Ice/Air   #####.....   67%         6    #####..
 Lee's Rapid Deconstruct  Erth           ##........   75%         5    ###....
 Ring of Flames           Chrm/Fire      ##........   100%        7    ######.


Dungeon Overview and Level Annotations

Branches:
Dungeon (9/15)             Temple (1/1) D:5
   Lair: D:8-11         Orc: D:9-12

Altars:
Cheibriados
Elyvilon
Gozag
Kikubaaqudgha
Nemelex Xobeh
Okawaru
Ru
Sif Muna
Zin
The Shining One

Shops:
D:5 [


Innate Abilities, Weirdness & Mutations

You are very frail. (-20% HP)
You cannot study or use magical devices.


Message History

Aiming: Airstrike (safe; 1% risk of failure)
Press: ? - help, Dir - move target cursor, f - leopard gecko skeleton
Aim: a leopard gecko skeleton (hasn't noticed you)
The air twists around and strikes the leopard gecko skeleton!
You destroy the leopard gecko skeleton!
You start resting.
An iguana comes into view.
Casting: Airstrike (safe; 1% risk of failure)
Confirm with . or Enter, or press ? or * to list all spells.
Aiming: Airstrike (safe; 1% risk of failure)
Press: ? - help, Dir - move target cursor, f - iguana
Aim: an iguana (hasn't noticed you)
The air twists around and strikes the iguana!
You kill the iguana!
Casting: Airstrike (safe; 1% risk of failure)
Confirm with . or Enter, or press ? or * to list all spells.
You don't have enough magic to cast that spell.
You start resting.
A hippogriff comes into view.
Casting: Airstrike (safe; 1% risk of failure)
Confirm with . or Enter, or press ? or * to list all spells.
You don't have enough magic to cast that spell.
Casting: Airstrike (safe; 1% risk of failure)
Confirm with . or Enter, or press ? or * to list all spells.
You don't have enough magic to cast that spell.
Casting: Airstrike (safe; 1% risk of failure)
Confirm with . or Enter, or press ? or * to list all spells.
You don't have enough magic to cast that spell.
You start resting.
The hippogriff is too close now for your liking.
Casting: Airstrike (safe; 1% risk of failure)
Confirm with . or Enter, or press ? or * to list all spells.
Aiming: Airstrike (safe; 1% risk of failure)
Press: ? - help, Dir - move target cursor, f - hippogriff
Aim: a hippogriff (hasn't noticed you)
The air twists around and violently strikes the hippogriff!!
The hippogriff screeches!
The hippogriff is heavily wounded.
Items here: ( ) [ † a +0 short sword; 4 boomerangs; a +0 plate armour; an orc corpse 2 yaks, a floating eye, an ogre and a wight come into view.
The yak bellows! x2; You hear a shout!
A phantom comes into view.
A big kobold comes into view. It is wielding a +0 club.
The yak moves out of view.
The ogre moves out of view.
The floating eye turns its gaze towards you.
Found a gilded ring.
The phantom blinks!
Found 8 gold pieces.
Found 20 gold pieces.
An orc comes into view.
The yak gores you!
The orc shouts!
The orc closely misses you. The orc hits you.
A yak comes into view.
The floating eye seems to glare at you. The yak gores you!
* * * LOW HITPOINT WARNING * * *
Casting: Airstrike (safe; 1% risk of failure)
Confirm with . or Enter, or press ? or * to list all spells.
Okay, then.
The big kobold closely misses you. The yak gores you!
You die... #.####'####.#.#...#. #Go# #W$ #..#.#.#### #Y## #G#$##......# #..# #=#.#.......### #.## #≈# ##.#..#..## #H.# Kz#

#..#..##... #.####
##.........
#YY#.#.#.#..........
#..@K...............
#############.......
#........##.......
#.###.............
#.##≈≈.P###.......
#.#♣≈≈.P≈##.......
#.♣≈P≈.≈≈≈>.##....
#.♣P≈≈.P≈≈≈....#.#
#.≈≈PP.≈≈≈♣#####..


You could see a hippogriff, 2 yaks and a big kobold.

Vanquished Creatures
  Harold (D:7)
  A two-headed ogre (D:9)
  An unseen horror (D:9)
  Grinder (D:3)
  4 hippogriffs
  Menkaure (D:5)
  A water moccasin (D:6)
  An ice beast (D:8)
  3 orc warriors
  2 sky beasts
  A necrophage (D:7)
  An eye of draining (D:9)
  2 centaurs
  2 ogres
  A crocodile (D:7)
  A bullfrog (D:8)
  A gnoll sergeant (D:7)
  7 scorpions
  3 killer bees (D:9)
  4 howler monkeys
  4 electric eels (D:9)
  3 crimson imps
  A centaur zombie (D:6)
  3 hounds
  A quasit (D:9)
  2 bullfrog skeletons
  2 jellies (D:8)
  3 centaur skeletons
  5 iguanas
  An orc priest (D:3)
  7 orc wizards
  4 worker ants
  A hound skeleton (D:6)
  A worker ant zombie (D:9)
  7 gnolls
  5 adders
  An ooze (D:2)
  A worm (D:3)
  3 dart slugs (D:1)
  6 leopard geckos
  14 orcs
  2 ball pythons
  7 giant cockroaches
  9 goblins
  6 hobgoblins
  12 jackals
  5 kobolds
  3 quokkas
  A ball python skeleton (D:4)
  7 bats
  2 frilled lizards (D:1)
  A leopard gecko skeleton (D:9)
  A leopard gecko zombie (D:4)
  6 rats
176 creatures vanquished.

Vanquished Creatures (others)
  A centaur (D:7)
1 creature vanquished.

Grand Total: 177 creatures vanquished

Notes
Turn   | Place    | Note
-------+----------+-------------------------------------------
     0 | D:1      | Amnesiac the Deep Elf Air Elementalist began the quest for
                  | the Orb.
     0 | D:1      | Reached XP level 1. HP: 10/10 MP: 6/6
    94 | D:2      | Found an iron altar of Okawaru.
   433 | D:3      | Reached XP level 2. HP: 15/15 MP: 5/8
   891 | D:3      | Reached XP level 3. HP: 16/19 MP: 5/10
  1044 | D:4      | Reached skill level 4 in Air Magic
  1187 | D:4      | Reached XP level 4. HP: 13/24 MP: 8/12
  1195 | D:4      | Learned a level 4 spell: Airstrike
  1386 | D:3      | Reached skill level 5 in Air Magic
  1386 | D:3      | Reached XP level 5. HP: 28/28 MP: 7/14
  1478 | D:3      | Reached skill level 5 in Spellcasting
  1658 | D:3      | Noticed Grinder
  1807 | D:3      | Killed Grinder
  1807 | D:3      | Reached skill level 6 in Air Magic
  1807 | D:3      | Reached XP level 6. HP: 32/32 MP: 3/16
  2020 | D:4      | Found a sacrificial altar of Ru.
  2028 | D:4      | Became a worshipper of Ru the Awakened
  3518 | D:3      | Gained mutation: You are frail. (-10% HP) [Ru sacrifice]
  3518 | D:3      | Reached * piety under Ru
  3518 | D:3      | Reached ** piety under Ru
  3752 | D:4      | Reached XP level 7. HP: 32/32 MP: 10/18
  3936 | D:5      | Entered Level 5 of the Dungeon
  3938 | D:5      | Reached skill level 7 in Air Magic
  4039 | D:5      | Found a sparkling altar of Nemelex Xobeh.
  4046 | D:5      | Found a staircase to the Ecumenical Temple.
  4123 | D:5      | Found Wekhlummai's Armour Shop.
  4312 | D:5      | Found an ancient bone altar of Kikubaaqudgha.
  4367 | D:5      | Noticed Menkaure
  4369 | D:5      | Killed Menkaure
  4529 | D:5      | Reached skill level 8 in Air Magic
  4732 | Temple   | Entered the Ecumenical Temple
  4896 | D:6      | Reached XP level 8. HP: 36/36 MP: 11/21
  5004 | D:6      | Learned a level 2 spell: Passwall
  5429 | D:6      | Found an opulent altar of Gozag.
  5618 | D:6      | Found a glowing golden altar of the Shining One.
  5620 | D:6      | Found a shimmering blue altar of Sif Muna.
  5622 | D:6      | Found a glowing silver altar of Zin.
  5623 | D:6      | Found a snail-covered altar of Cheibriados.
  5627 | D:6      | Found an opulent altar of Gozag.
  6106 | D:7      | Reached skill level 9 in Air Magic
  6149 | D:7      | Noticed a hippogriff
  6201 | D:7      | Killed a hippogriff
  6336 | D:7      | Gained mutation: You cannot study or use magical devices.
                  | [Ru sacrifice]
  6336 | D:7      | Reached *** piety under Ru
  6336 | D:7      | Reached **** piety under Ru
  6540 | D:7      | Reached skill level 10 in Air Magic
  6544 | D:7      | Noticed Harold
  6735 | D:7      | Reached XP level 9. HP: 40/40 MP: 12/24
  6908 | D:7      | Killed Harold
  6908 | D:7      | Reached skill level 10 in Spellcasting
  7015 | D:8      | Reached skill level 11 in Air Magic
  8365 | D:9      | Reached XP level 10. HP: 45/45 MP: 18/27
  8514 | D:9      | Reached skill level 12 in Air Magic
  8784 | D:9      | Killed an unseen horror
  8941 | D:9      | Gained mutation: You are very frail. (-20% HP) [Ru
                  | sacrifice]
  8941 | D:9      | Reached ***** piety under Ru
  8941 | D:9      | Reached ****** piety under Ru
  9003 | D:9      | Found a white marble altar of Elyvilon.
  9029 | D:9      | Noticed a two-headed ogre
  9035 | D:9      | Killed a two-headed ogre
  9078 | D:9      | Reached skill level 13 in Air Magic
  9253 | D:9      | Slain by a yak

Levels and vault maps discovered:
D:1:      minmay_arrival_glassed_features, layout_basic, hangedman_decor_lopped
D:2:      layout_loops_corners, okawaru_gym_becter
D:3:      layout_loops_ring, uniq_grinder
D:4:      layout_basic, nicolae_ru_the_path_less_chosen
D:5:      layout_basic, nemelex_xobeh_ov_fountains_minmay,
          kiku_gazebo_pond_becter, minmay_temple_entry_enclosed_plants,
          serial_shops, shop, first_ration, nicolae_sextant,
          corexii_checkpoint_a, uniq_menkaure
D:6:      layout_loops_corners, minitemple, kb_lookout_dungeons_type,
          nicolae_gozag_seed_capital
D:7:      layout_basic, uniq_harold
D:8:      layout_basic, patterned_corridor
D:9:      layout_rooms, lemuel_doored_altar, elyvilon_altar_3, serial_bayou,
          serial_bayou_shore_a, serial_bayou_lagoon_b, serial_bayou_pond_a,
          serial_bayou_pond_e, onia_ninara_cookie
Temple:   minmay_temple_bridge_abc

Skill      XL: |  1  2  3  4  5  6  7  8  9 10 |
---------------+-------------------------------+-----
Air Magic      | 4 5 6 8 10 11 13 | 13.0
Spellcasting   | 4 5 6 7 9 11 12 | 12.1
Fighting       | |  0.5
Dodging        | |  2.8
Stealth        | |  2.4
Conjurations   | |  1.1

Action                   |  1- 3 |  4- 6 |  7- 9 | 10-12 || total
-------------------------+-------+-------+-------+-------++-------
Melee: Club              |    15 |       |       |       ||    15
       Whip              |       |    28 |     8 |       ||    36
 Cast: Shock             |    48 |    31 |       |       ||    79
       Airstrike         |       |    31 |   109 |    45 ||   185
       Passwall          |       |       |     5 |       ||     5
Invok: Sacrifice Health  |       |     1 |       |     1 ||     2
       Sacrifice Artific |       |       |     1 |       ||     1
  Use: Scroll            |       |     7 |       |       ||     7
 Stab: Sleeping          |     1 |       |       |       ||     1
  Eat: Chunk             |     1 |    10 |    19 |     4 ||    34
Armor: Robe              |     4 |     2 |     1 |       ||     7
Dodge: Dodged            |    32 |    36 |    15 |    10 ||    93

Table legend:
 A = Non-vault XP
 B = Vault XP
 C = Vault XP percentage of total XP
 D = Non-vault monster count
 E = Vault monster count
 F = Vault count percentage of total count
                 A         B        C        D         E       F
            +---------+---------+-------+---------+---------+-------
      Total |    7173 |    1693 |  19.1 |     169 |       8 |   4.5
            +---------+---------+-------+---------+---------+-------
        D:1 |      40 |       0 |   0.0 |      21 |       0 |   0.0
        D:2 |      50 |       0 |   0.0 |      12 |       0 |   0.0
        D:3 |     178 |     277 |  60.9 |      25 |       1 |   3.8
        D:4 |     249 |       0 |   0.0 |      16 |       0 |   0.0
        D:5 |     367 |     168 |  31.4 |       7 |       3 |  30.0
        D:6 |     306 |     112 |  26.8 |      11 |       1 |   8.3
        D:7 |    1120 |    1002 |  47.2 |      19 |       1 |   5.0
        D:8 |    1596 |       0 |   0.0 |      29 |       0 |   0.0
        D:9 |    3267 |     134 |   3.9 |      29 |       2 |   6.5
            +---------+---------+-------+---------+---------+-------
